 Dungeon Crawl Stone Soup version 0.26.1-2-gb8aa6d0cf2 (webtiles) character file.

Game seed: 2220716427819731755

62 nightchill the Skirmisher (level 4, -5/29 HPs)
             Began as a Gargoyle Fighter on Mar 4, 2021.
             Killed by divine providence
             ... invoked by an orc priest
              (12 damage)
             ... on level 3 of the Dungeon.
             The game lasted 00:03:05 (2112 turns).

nightchill the Skirmisher (Gargoyle Fighter)        Turns: 2112, Time: 00:03:06

Health: -5/29      AC: 12    Str: 20    XL:     4   Next: 8%
Magic:  4/4        EV:  7    Int:  9    God:
Gold:   35         SH:  9    Dex:  9    Spells: 3/3 levels left

rFire    . . .     SeeInvis .   a - +0 flail
rCold    . . .     Faith    .   c - +0 kite shield
rNeg     + . .     Spirit   .   b - +0 scale mail
rPois    ∞         Reflect  .   (no helmet)
rElec    +         Harm     .   (no cloak)
rCorr    .         Rampage  .   l - +0 pair of gloves (curse)
Will     .....                  e - +0 pair of boots
Stlth    ..........             (no amulet)
HPRegen  0.09/turn              (no ring)
MPRegen  0.09/turn              (no ring)

@: no status effects
A: negative energy resistance 1, electricity resistance, unbreathing,
petrification resistance, miasma immunity, AC +3
a: no special abilities


You were on level 3 of the Dungeon.
You visited 1 branch of the dungeon, and saw 3 of its levels.

You collected 35 gold pieces.

Inventory:

Hand Weapons
 a - a +0 flail (weapon)
 f - a +0 hunting sling
Missiles
 g - 36 stones (quivered)
 r - 25 sling bullets
Armour
 b - a +0 scale mail (worn)
 c - a +0 kite shield (worn)
 e - a +0 pair of boots (worn)
 k - a cursed +0 chain mail
 l - a cursed +0 pair of gloves (worn)
Jewellery
 m - a +4 ring of evasion {unknown}
 q - an uncursed ring of poison resistance {unknown}
Scrolls
 i - 4 scrolls of identify {unknown}
 o - a scroll of teleportation {unknown}
Potions
 d - a potion of might
 h - a potion of degeneration {unknown}
 j - 2 potions of lignification {unknown}
 n - a potion of attraction {unknown}
 p - 2 potions of curing {unknown}


   Skills:
 + Level 4.0 Fighting
 * Level 3.6 Maces & Flails
 - Level 3.2 Armour
 - Level 3.2 Shields


You had 3 spell levels left.
You didn't know any spells.
Your spell library was empty.

Dungeon Overview and Level Annotations

Branches:
Dungeon (3/15)

Altars:
Nemelex Xobeh

Annotations:
D:2 exclusion: downstairs
D:3 Natasha, Robin


Innate Abilities, Weirdness & Mutations

You are resistant to torment.
Your stone body is resilient. (AC +3)
You are immune to poison.
You resist negative energy. (rN+)
You are resistant to electric shocks. (rElec)
You can survive without breathing.
You are immune to petrification.
You are immune to miasma.


Message History

The orc priest is heavily wounded.
The orc priest misses you. The orc hits you but does no damage.
The orc closely misses you.
You closely miss the orc priest.
The orc priest is heavily wounded.
The orc priest hits you but does no damage.
The orc barely misses you. The orc hits you but does no damage.
You barely miss the orc priest.
The orc priest is heavily wounded.
The orc priest hits you with a +0 club. You block the orc's attack.
The orc closely misses you.
You barely miss the orc priest.
The orc priest is heavily wounded.
The orc priest calls down the wrath of Beogh upon you.
Beogh smites you!
* * * LOW HITPOINT WARNING * * *
The orc hits you but does no damage. x2
The orc priest mumbles some strange prayers to Beogh against you.
Beogh smites you!
You die...

.......<....#
..............#
..............####
............>.....
.......###..######
...... ##..#
##...##...#
###oo#.#.# #@o...#
###.#.# #.#.# ##
#.#.# . #.#.. #.
..#.. #.# .## #.#
# #.# ###.#


You could see an orc priest and 2 orcs.

Vanquished Creatures
  2 adders (D:2)
  A dart slug (D:2)
  2 orcs
  A ball python (D:2)
  4 bats
  3 giant cockroaches
  6 goblins
  4 hobgoblins
  6 jackals
  A kobold (D:1)
  A frilled lizard (D:1)
  3 rats
34 creatures vanquished.

Notes
Turn   | Place    | Note
-------+----------+-------------------------------------------
     0 | D:1      | nightchill the Gargoyle Fighter began the quest for the
                  | Orb.
     0 | D:1      | Reached XP level 1. HP: 14/14 MP: 1/1
   379 | D:1      | Reached XP level 2. HP: 19/19 MP: 2/2
   926 | D:2      | Reached XP level 3. HP: 19/24 MP: 3/3
  1315 | D:2      | Found a sparkling altar of Nemelex Xobeh.
  1461 | D:2      | Reached skill level 4 in Fighting
  2001 | D:3      | Found a faded altar of an unknown god.
  2015 | D:3      | Noticed Natasha
  2016 | D:3      | Noticed Robin
  2037 | D:3      | Reached XP level 4. HP: 29/29 MP: 4/4
  2112 | D:3      | Killed from afar by an orc priest

Illustrated notes

Levels and vault maps discovered:
D:1:      elethiomel_arrival_quiet, layout_basic
D:2:      layout_loops_corners, marbit_many_paths, corexii_shack
D:3:      layout_rooms, chequers_ecumenical_altar_simple_redux, uniq_robin,
          uniq_natasha

Skill      XL: |  1  2  3 |
---------------+----------+-----
Maces & Flails | 3 |  3.6
Fighting       | 4 |  4.0
Armour         | |  3.2
Shields        | |  3.2

Action                   |  1- 3 |  4- 6 || total
-------------------------+-------+-------++-------
Melee: Flail             |   108 |    17 ||   125
Armor: Scale mail        |    73 |    17 ||    90
Dodge: Dodged            |    37 |     6 ||    43
Block: Kite shield       |    61 |     8 ||    69
